 Dungeon Crawl Stone Soup version 0.18.1-6-gd335043 (webtiles) character file.

793 deorigin the Skirmisher (level 7, 0/48 HPs)
             Began as a Gargoyle Fighter on May 16, 2016.
             Was an Initiate of Makhleb.
             Slain by an ogre
             ... wielding a +0 giant club
              (3 damage)
             ... on level 6 of the Dungeon.
             The game lasted 00:10:49 (4182 turns).

deorigin the Skirmisher (Gargoyle Fighter)          Turns: 4182, Time: 00:10:50

Health: 0/48       AC: 16    Str: 19    XL:     7   Next: 88%
Magic:  0/7        EV:  5    Int: 10    God:    Makhleb [......]
Gold:   265        SH:  9    Dex: 15    Spells: 0 memorised, 6 levels left

rFire  . . .     SeeInvis +     a - +0 flail
rCold  . . .     Gourm    .     I - +0 chain mail
rNeg   + . .     Faith    .     c - +0 shield
rPois  ∞         Spirit   +     g - +0 helmet
rElec  +         Dismiss  .     (no cloak)
rCorr  .         Reflect  .     j - +0 pair of gloves
SustAt .         Harm     .     (no boots)
MR     .....                    x - amulet of guardian spirit
Stlth  ..........               F - ring of see invisible
                                p - +5 ring of dexterity

@: not resistant to hostile enchantments, extremely unstealthy
A: negative energy resistance 1, electricity resistance, unbreathing,
petrification resistance, rot immunity, AC +4
a: Renounce Religion


You were on level 6 of the Dungeon.
You worshipped Makhleb.
Makhleb was noncommittal.
You were not hungry.

You visited 1 branch of the dungeon, and saw 6 of its levels.
You also visited: Sewer.

You collected 265 gold pieces.

Inventory:

Hand Weapons
 a - a +0 flail (weapon)
 o - a cursed -2 flail
Missiles
 y - 7 poisoned needles
 H - 8 javelins of returning (quivered)
Armour
 b - a +0 scale mail
 c - a +0 shield (worn)
 g - a +0 helmet (worn)
 j - a +0 pair of gloves (worn)
 k - a cursed -1 scale mail
 B - a +0 cloak
 I - a +0 chain mail (worn)
Jewellery
 p - a +5 ring of dexterity (left hand)
 x - an amulet of guardian spirit (around neck)
 F - a ring of see invisible (right hand)
Wands
 u - a wand of flame (41/48)
 C - a wand of digging (8/24)
Scrolls
 e - 6 scrolls of remove curse
 h - 3 scrolls of fear {unknown}
 m - 3 scrolls of blinking {unknown}
 q - 4 scrolls of teleportation {unknown}
 v - 3 scrolls of identify {unknown}
 w - a scroll of magic mapping {unknown}
 A - a scroll of random uselessness {unknown}
 E - a scroll of fog {unknown}
Potions
 d - a potion of might
 n - a potion of curing {unknown}
 r - a potion of lignification {unknown}
 s - a potion of brilliance {unknown}
 z - a potion of cancellation {unknown}
 D - 4 potions of flight {unknown}
 G - a potion of invisibility {unknown}
Books
 t - a book of the Tempests

   Spells                             Type                      Level
   a - Static Discharge               Conjuration/Air              3
   b - Lightning Bolt                 Conjuration/Air              5
   c - Fireball                       Conjuration/Fire             5
   d - Tornado                        Air                          9
   e - Shatter                        Earth                        9
Comestibles
 f - 5 bread rations
 i - 2 beef jerkies
 l - a meat ration


   Skills:
 + Level 7.1 Fighting
 + Level 6.5 Maces & Flails
 - Level 3.2 Armour
 - Level 3.2 Shields


You had 6 spell levels left.
You didn't know any spells.

Dungeon Overview and Level Annotations

Branches:
Dungeon (6/15)
 Temple: D:4-7

Altars:
Ashenzari
Elyvilon
Makhleb
Qazlal

Shops:
D:5 *

Annotations:
D:3 zkyp's ghost, amateur KoCj


Innate Abilities, Weirdness & Mutations

You are resistant to torment.
Your stone body is resilient (AC +4).
You are immune to poison.
You resist negative energy.
You are resistant to electric shocks.
You can survive without breathing.
You are immune to petrification.
You are immune to rotting.


Message History

The scorpion stings you but does no damage.
The ogre hits you but does no damage.
You hit the ogre.
The ogre is heavily wounded.
You block the scorpion's attack. The ogre hits you with a giant club!!
* * * LOW HITPOINT WARNING * * *
You block the scorpion's attack.
You hit the ogre.
The ogre is severely wounded.
You block the ogre's attack.
The scorpion stings you but does no damage.
You hit the ogre.
The ogre is severely wounded.
The ogre hits you but does no damage. The scorpion stings you.
* * * LOW HITPOINT WARNING * * *
You sock the ogre!
The ogre is almost dead.
The scorpion stings you but does no damage.
The ogre hits you with a giant club.
You die...

...
.....##..........#
.....####
#..........# .
.... #..........#
.......
###...########
.......####.....#
..........$.#..##
.......#......##
....?.##s######
#.O@.# #........#
#....?...#
#.........
#.......###
...>.##.# .....
#.# ..### #.#


You could see an ogre and a scorpion.

Vanquished Creatures
  2 ice beasts (D:5)
  A phantom (D:5)
  A scorpion (D:4)
  2 hounds
  A jelly (D:5)
  An orc priest (D:4)
  A giant frog skeleton (D:5)
  Jessica (D:2)
  An iguana (D:4)
  3 worker ants (D:4)
  A hound zombie (D:5)
  4 gnolls
  3 adders (D:4)
  A shadow imp (D:5)
  2 adder skeletons (D:4)
  A dart slug (D:2)
  3 giant geckos
  4 orcs
  4 ball pythons
  8 giant cockroaches
  4 goblins (D:2)
  5 hobgoblins
  16 jackals
  9 bats
  A giant gecko zombie (D:5)
  6 giant newts
  12 kobolds
  6 rats
104 creatures vanquished.

Notes
Turn   | Place    | Note
--------------------------------------------------------------
     0 | D:1      | deorigin the Gargoyle Fighter began the quest for the Orb.
     0 | D:1      | Reached XP level 1. HP: 14/14 MP: 1/1
    61 | D:1      | Reached XP level 2. HP: 20/20 MP: 2/2
    69 | D:1      | Reached skill level 4 in Fighting
   255 | D:1      | Reached XP level 3. HP: 24/24 MP: 3/3
   727 | D:2      | Noticed Jessica
   733 | D:2      | Killed Jessica
   733 | D:2      | Reached XP level 4. HP: 22/30 MP: 4/4
  1295 | D:2      | Reached skill level 5 in Fighting
  1432 | D:2      | Reached XP level 5. HP: 35/35 MP: 5/5
  1491 | D:2      | Found a white marble altar of Elyvilon.
  1720 | D:3      | You fall through a shaft for 3 floors!
  1739 | D:5      | Entered Level 5 of the Dungeon
  2003 | D:3      | Noticed zkyp's ghost (amateur KoCj)
  2028 | D:4      | HP: 1/35 [orc/short sword (5)]
  2035 | D:3      | HP: 1/35 [jackal (1)]
  2297 | D:4      | Found a glowing drain.
  2304 | Sewer    | Entered a sewer
  2320 | Sewer    | Reached XP level 6. HP: 39/40 MP: 6/6
  2849 | D:4      | Reached skill level 6 in Fighting
  2849 | D:4      | Reached skill level 5 in Maces & Flails
  2967 | D:4      | Found a shattered altar of Ashenzari.
  3122 | D:5      | Found a burning altar of Makhleb.
  3138 | D:5      | Noticed an ice beast
  3163 | D:5      | Killed an ice beast
  3163 | D:5      | Reached XP level 7. HP: 13/47 MP: 2/7
  3212 | D:5      | Became a worshipper of Makhleb the Destroyer
  3663 | D:5      | Reached skill level 7 in Fighting
  3835 | D:5      | Noticed an air elemental
  3836 | D:5      | Found a stormy altar of Qazlal.
  3839 | D:5      | Noticed a fire elemental
  3839 | D:5      | Noticed a water elemental
  3885 | D:5      | Found Xaniv's Elemental Accessories.
  4182 | D:6      | Slain by an ogre

Skill      XL: |  1  2  3  4  5  6  7 |
---------------+----------------------+-----
Fighting       | 4 5 6 7 |  7.1
Maces & Flails | 3 4 5 6 |  6.5
Armour         | |  3.2
Shields        | |  3.2

Action                   |  1- 3 |  4- 6 |  7- 9 || total
-------------------------+-------+-------+-------++-------
Melee: Flail             |    87 |   350 |    84 ||   521
  Use: Scroll            |       |     1 |       ||     1
  Eat: Chunk             |       |     8 |     1 ||     9
       Fruit             |       |       |     2 ||     2
       Pizza             |       |       |     1 ||     1
Armor: Scale mail        |    41 |   307 |    55 ||   403
       Chain mail        |       |       |    10 ||    10
Dodge: Dodged            |    33 |   182 |    35 ||   250
Block: Shield            |    49 |   270 |    43 ||   362
